Unix NetHack Version 5.0.0-0 post-release - last build Jun 10 2026 00:39:30 (3ee93aec679c4c4259841fe613dc97188e26a321,branch:main).

Game began 2026-06-19 13:40:52, ended 2026-06-23 09:46:01.

GdeVolpiano, neutral female human Archeologist

                                                                .
                                                               ..-----
                                                              |....|.---
                                                              |.........|-
                                                              ----.)...-|.--
                                                                 -.|.Y@.|..--
                                                                 ..|---.....|
                                                                      ---..<|
                                                                        -----
GdeVolpiano the Investigator  St:17 Dx:10 Co:12 In:14 Wi:18 Ch:13  Neutral
Dlvl:8  $:0  HP:0(46) Pw:29(29) AC:-6 Xp:6 T:4991  Burdened

Latest messages:
 You miss the yeti.
 The yeti hits!
 The yeti misses!
 The yeti bites!
 You hit the yeti.
 The yeti hits!
 The yeti hits again!
 The yeti misses!
 The yeti misses!
 The yeti misses!
 The yeti misses!
 You miss the yeti.
 The yeti misses!
 The yeti misses!
 The yeti bites!
 You miss the yeti.
 The yeti hits!
 The yeti misses!
 The yeti bites!
 The yeti hits!
 The yeti hits again!
 The yeti bites!
 You miss the yeti.
 The yeti hits!
 The yeti hits again!
 The yeti misses!
 The yeti hits!
 The yeti hits again!
 The yeti bites!
 You hit the yeti.
 The yeti hits!
 The yeti hits again!
 The yeti bites!
 The yeti misses!
 The yeti misses!
 The yeti misses!
 The yeti hits!
 The yeti hits again!
 The yeti misses!
 You hear crashing rock.
 The yeti misses!
 The yeti just misses!
 The yeti bites!
 The yeti hits!
 The yeti misses!
 The yeti bites!
 The yeti hits!
 The yeti hits again!
 You die...
 Do you want your possessions identified? [ynq] (y)

Inventory:
 Weapons  (')')
  t - a +0 aklys (tethered to right hand)
  a - a +2 bullwhip (alternate weapon; not wielded)
 Armor    ('[')
  S - a blessed +1 dwarvish iron helm (being worn)
  n - an uncursed +0 pair of iron shoes (being worn)
  p - an uncursed +2 shield of shock resistance (being worn)
  C - a blessed +1 alchemy smock with text "Don't mess with the chef" (being worn)
  q - an uncursed +0 banded mail (being worn)
 Comestibles  ('%')
  d - 3 uncursed food rations
  E - an uncursed tripe ration
 Wands    ('/')
  v - a wand of cold (0:5)
  s - a blessed wand of magic missile (0:2)
 Tools    ('(')
  h - an uncursed sack containing 2 items
  i - an uncursed oil lamp (lit)
  e - a +0 pick-axe
  k - an uncursed skeleton key
  W - an uncursed towel
 Gems/Stones  ('*')
  g - an uncursed touchstone

Contents of the sack:
  2986 gold pieces
  an uncursed jacinth stone

GdeVolpiano the Archeologist's attributes:

Background:
 You were an Investigator, a level 6 female human Archeologist.
 You were neutral, on a mission for Camaxtli
 who was opposed by Quetzalcoatl (lawful) and Huhetotl (chaotic).
 You were right-handed.
 You were in the Gnomish Mines, on level 8.
 You entered the dungeon 4991 turns ago.
 You had 584 experience points, 56 more were needed to attain level 7.

Basics:
 You had 0 out of 46 hit points.
 You had all 29 energy points (spell power).
 Your armor class was -6.
 Your wallet was empty, but
 you had 2986 zorkmids stashed away in your pack.
 Autopickup was on for '$?!/="+' plus thrown, with exceptions.

Final Characteristics:
 Your strength was 17 (limit:18/100).
 Your dexterity was 10 (limit:18).
 Your constitution was 12 (limit:18).
 Your intelligence was 14 (limit:18).
 Your wisdom was 18 (limit:18).
 Your charisma was 13 (limit:18).

Final Status:
 You weren't hungry.
 You were burdened; movement was slightly slowed.
 You were wielding a club.
 You had basic skill with club.

Final Attributes:
 You were piously aligned.
 You were shock resistant.
 Your items were protected from electric shocks.
 You were poison resistant.
 You were acid resistant.
 Your items were protected from acid.
 You were telepathic.
 You had automatic searching.
 You were stealthy.
 You were warded.
 Your spell casting was impaired by metallic armor.
 You are dead.

Miscellaneous:
 You didn't encounter any bones levels.
 Total elapsed playing time was 33 minutes and 50 seconds.

Major events:
 Turn
    1: GdeVolpiano the neutral female human Archeologist entered the dungeon
 1107: attained the rank of Field Worker (level 3)
 1588: entered the Gnomish Mines
 3905: attained the rank of Investigator (level 6)
 4953: reached Mine Town
 4991: killed by a yeti

Spells:
 Name                 Level Category     Fail Retention
 invisibility           4   escape       100%  76%-100%
 healing                1   healing      100%  76%-100%

Skills:
 Fighting Skills
   bare handed combat [Unskilled]
   two weapon combat  [Unskilled]
   riding             [Unskilled]
 Weapon Skills
   dagger             [Unskilled]
   knife              [Unskilled]
   pick-axe           [Basic]
   short sword        [Unskilled]
   saber              [Unskilled]
   club               [Basic]
   quarterstaff       [Unskilled]
   sling              [Unskilled]
   dart               [Unskilled]
   boomerang          [Unskilled]
   whip               [Skilled]
   unicorn horn       [Unskilled]
 Spellcasting Skills
   attack spells      [Unskilled]
   healing spells     [Unskilled]
   divination spells  [Unskilled]
   matter spells      [Unskilled]

Voluntary challenges:
 Character rerolling was not enabled.
 You never genocided any monsters.
 You never polymorphed an object.
 You never changed form.
 You used no wishes.
Achievements:
 You entered a shop.
 You attained the rank of Field Worker.
 You entered the Gnomish Mines.
 You attained the rank of Investigator.
 You entered Minetown.

 The Dungeons of Doom: levels 1 to 5
    Level 1:
       An altar to Camaxtli, some fountains.
    Level 2:
       An armor shop.
    Level 3:
       A general store, a fountain, many trees.
    Level 4:
       A food shop, a fountain, a sink.
       Stairs down to The Gnomish Mines.
    Level 5:
 The Gnomish Mines: levels 5 to 8
    Level 5:
    Level 6:
    Level 7:
    Level 8: <- You were here.
       Final resting place for
          you, killed by a yeti.


Vanquished creatures:
  a leprechaun
  a dingo
  a mountain nymph
  a rock piercer
  2 ponies
  a shrieker
  7 gnome leaders
 an elf zombie
  a little dog
  2 floating eyes
  5 dwarves
  a homunculus
  2 kobold leaders
  2 rothes
  a rabid rat
  2 iguanas
  a coyote
  a gas spore
  3 hobbits
  a large kobold
  a giant rat
  3 cave spiders
  a red mold
 22 gnomes
  2 garter snakes
  2 gnome zombies
  2 geckos
  5 jackals
  3 goblins
  4 sewer rats
  2 grid bugs
  2 lichens
  a kobold zombie
  7 newts
94 creatures vanquished.

No species were genocided or became extinct.

Game over:
                       ----------
                      /          \
                     /    REST    \
                    /      IN      \
                   /     PEACE      \
                  /                  \
                  |   GdeVolpiano    |
                  |     2986 Au      |
                  | killed by a yeti |
                  |                  |
                  |                  |
                  |                  |
                  |       2026       |
                 *|     *  *  *      | *
        _________)/\\_//(\/(/\)/\//\/|_)_______

Goodbye GdeVolpiano the Archeologist...

You died in The Gnomish Mines on dungeon level 8 with 5404 points,
and 2986 pieces of gold, after 4991 moves.
You were level 6 with a maximum of 46 hit points when you died.

